AoeStats
← El Fantasma de Pancho Villa

Black Forest

510000673Analyzed
4v4 RM · 3d ago on Sep 29, 2026· 28m 47s· 8 players
Game mode
Random Map
Map size
Large (8 player)
Population
200
Speed
Normal
Resources
Standard
Victory
Conquest
Starting age
Dark Age
Ending age
Imperial Age
RankedLock teamsTeams togetherTeam positionsShared explorationLock speedFull tech treeHidden civsTurbo modeCheats
Victory
Defeat
🇦🇷 Persians · Argentina
1231
+14
🇵🇾 Burgundians · Paraguay
1213
+15
🇨🇱 Wu · Chile
1186
+16
🇨🇦 Saracens · Canada
1184
+16
🇺🇸 Mongols · United States
1218
-16
🇺🇸 Aztecs · United States
1214
-16
🇺🇸 Bohemians · United States
1199
-16
🇺🇸 Cumans · United States
1143
-13
Chelowolf
0:27 Loom
11:03 Feudal Age
17:28 Castle Age
17:14 Double-Bit Axe
17:22 Horse Collar
20:01 Fletching
21:26 Bodkin Arrow
26:07 Scale Mail Armor
26:40 Squires
28:07 Red Cliffs Tactics
DANICW82
0:46 Loom
12:53 Feudal Age
13:37 Double-Bit Axe
17:52 Castle Age
22:17 Horse Collar
27:12 Heavy Plow
28:38 Gold Mining
28:42 Stone Mining
29:32 Wheelbarrow
moi
6:59 Loom
10:53 Feudal Age
11:43 Double-Bit Axe
14:45 Castle Age
13:47 Gold Mining
17:40 Gold Shaft Mining
19:10 Forging
21:34 Forging
23:06 Iron Casting
24:29 Scale Barding Armor
28:27 Chain Barding Armor
Loto
10:50 Feudal Age
11:02 Feudal Age
12:23 Double-Bit Axe
15:35 Castle Age
13:26 Horse Collar
16:51 Heavy Plow
20:12 Bow Saw
21:52 Wheelbarrow
22:21 Stone Mining
23:13 Loom
25:01 Hand Cart
25:23 Caravan
30:27 Imperial Age
FullmetalZimm
12:04 Feudal Age
13:01 Double-Bit Axe
15:53 Castle Age
14:20 Horse Collar
17:23 Bow Saw
21:20 Wheelbarrow
22:46 Gold Mining
23:43 Loom
25:12 Gold Shaft Mining
24:27 Stone Mining
25:41 Fervor
25:50 Hand Cart
26:54 Heavy Plow
27:32 Coinage
27:43 Stone Shaft Mining
jaaakooo27
0:32 Loom
13:02 Feudal Age
15:22 Double-Bit Axe
19:26 Castle Age
17:22 Horse Collar
19:48 Gold Mining
21:58 Eagle Warrior
22:47 Scale Mail Armor
Solaire (Praise the Sun)
0:33 Loom
13:38 Feudal Age
17:10 Castle Age
15:21 Double-Bit Axe
15:50 Horse Collar
26:33 Wheelbarrow
26:27 Fletching
27:21 Bodkin Arrow
30:54 Imperial Age
El Fantasma de Pancho Villa
6:48 Loom
11:44 Feudal Age
12:26 Man-at-Arms
18:41 Fletching
20:48 Double-Bit Axe
22:13 Horse Collar
23:44 Padded Archer Armor
Connection lost

Rejoining the realm…

Still unreachable

The connection could not be restored.

Session expired

The server has moved on; the page needs a fresh start.